 Dungeon Sprint DCSS version 0.23-a0-396-g5214e5f (webtiles) character file.

15700000 namelastname112 the Formicid Barricade (level 27, -16/249 HPs)
             Began as a Formicid Fighter on Nov 2, 2018.
             Was the Champion of Makhleb.
             Killed from afar by a Tzitzimitl (39 damage)
             ... with a bolt of negative energy
             ... summoned by The Meatlord
             ... in the Dungeon (Sprint VIII: "Arena of Blood").
             The game lasted 00:03:37 (157 turns).

namelastname112 the Formicid Barricade (FoFi)        Turns: 157, Time: 00:03:38

Health: -16/249    AC: 13    Str: 24    XL:     27
Magic:  53/54      EV: 31    Int:  9    God:    Makhleb [******]
Gold:   0          SH: 19    Dex: 19    Spells: 80/80 levels left

rFire    . . .     SeeInvis +   k - +∞ Axe of Woe
rCold    . . .     Gourm    .   b - +0 shield
rNeg     . . .     Faith    .   a - +0 scale mail
rPois    .         Spirit   .   (helmet unavailable)
rElec    .         Reflect  .   (no cloak)
rCorr    .         Harm     .   (no gloves)
MR       ++...                  (no boots)
Stlth    ++++++++..             (no amulet)
HPRegen  0.51/turn              (no ring)
MPRegen  0.34/turn              (no ring)

@: lethally poisoned (-16 -> -17), drained
A: permanent stasis, dig shafts and tunnels, four strong arms, antennae 3
a: Dig, Minor Destruction, Lesser Servant of Makhleb, Major Destruction, Greater
Servant of Makhleb, Renounce Religion


You were in the Dungeon.
You worshipped Makhleb.
Makhleb was exalted by your worship.
You were not hungry.

You visited 1 branch

Inventory:

Hand Weapons
 k - the +∞ Axe of Woe (weapon)
   (You found it in the Dungeon)
Armour
 a - a +0 scale mail (worn)
 b - a +0 shield (worn)
Scrolls
 j - a scroll of blinking
Potions
 c - a potion of might
 e - a potion of curing
 f - a potion of heal wounds
 g - a potion of haste
 h - 2 potions of magic
 i - a potion of berserk rage
Comestibles
 d - a ration


   Skills:
 O Level 27(25.8) Fighting
 O Level 27(25.8) Axes
 O Level 27(25.8) Throwing
 O Level 27(25.8) Armour
 O Level 27(25.8) Dodging
 O Level 27(25.8) Stealth
 O Level 27(25.8) Shields
 O Level 27(25.8) Unarmed Combat
 O Level 27(25.8) Spellcasting
 O Level 27(25.8) Invocations


You had 80 spell levels left.
You didn't know any spells.
Your spell library was empty.

Dungeon Overview and Level Annotations

Branches:
Dungeon (1/1)

Altars:
Makhleb

Annotations:
D The Meatlord, The Servant


Innate Abilities, Weirdness & Mutations

You cannot be hasted, slowed, berserked, paralysed or teleported.
You can dig through walls and to a lower floor.
Your four strong arms can wield two-handed weapons with a shield.
You have a pair of large antennae on your head. (SInv)


Message History

The Meatlord completely resists.
You hear a shout! x6
The tyrant mumbles some strange words.
The eight-headed meat hydra calls on the powers of darkness!
The eight-headed meat hydra convulses!
The observer convulses!
The eight-headed meat hydra convulses!
The bag of meat convulses!
The observer convulses!
The bag of meat convulses! x3
Your body is wracked with pain!
* * * LOW HITPOINT WARNING * * *
The Tzitzimitl calls on the powers of darkness!
Your body is wracked with pain!
* * * LOW HITPOINT WARNING * * *
The bag of meat convulses!
The observer convulses!
The bag of meat convulses!
The eight-headed meat hydra convulses!
The fleshlord convulses!
The bag of meat convulses!
The Tzitzimitl gestures at you.
The bolt of negative energy hits the large abomination.
The large abomination completely resists.
The bolt of negative energy hits you!
You feel drained.
You die...

........... {
%........{{{{
#§...{..#{{ { .{
#....{{.#{ {o
.%.###%.. ...###...
.......%###)..L....
#....%..)_)%.p%...L
......#)§z))#...{..
.....{#@)§1_# ...{.
.{....#oX1X)#{.....
#{.{..S.x1*MoX*....
.{{{%oG§###&*.%....
.{{###.DG{{{L###o.o
{{{ #.Do{{{{#{{ .
{{{ #o.. .{.#


{{o { ....o...M{ { .. {{.V You could see The Meatlord, an accursed, 3
Tzitzimimeh, 2 tyrants, 2 eight-headed meat hydras, 2 observers, a scourge, a
fleshlord, a sculptor of flesh, 3 large abominations, a small abomination, 6
bags of meat and 3 ball lightnings.

Vanquished Creatures
  6 hell knights (D)
  10 hell beasts (D)
  Edmund (D)
  4 greater mummies (D)
  3 great orbs of eyes (D)
  4 wraiths (D)
  16 vampire knights (D)
  36 ogres (D)
  8 two-headed ogres (D)
  4 liches (D)
  2 hydras (D)
  69 orcs (D)
  3 phantoms (D)
  3 skeletal warriors (D)
  3 sea snakes (D)
  12 large abominations (D)
  4 small abominations (D)
  A ball lightning (D)
  10 crawling corpses (D)
199 creatures vanquished.

Vanquished Creatures (others)
  An ogre (D)
  2 orcs (D)
  4 ball lightnings (D)
  A crawling corpse (D)
8 creatures vanquished.

Grand Total: 207 creatures vanquished

Notes
Turn   | Place    | Note
-------+----------+-------------------------------------------
     0 | D        | Found the +∞ Axe of Woe
     0 | D        | namelastname112 the Formicid Fighter began the quest for
                  | the Orb.
     0 | D        | Reached XP level 1. HP: 18/18 MP: 1/1
     4 | D        | Became a worshipper of Makhleb the Destroyer
     6 | D        | Noticed a bag of meat
     7 | D        | Noticed a bag of meat
     8 | D        | Noticed a bag of meat
     8 | D        | Noticed a bag of meat
    10 | D        | Noticed a bag of meat
    12 | D        | Killed a bag of meat
    12 | D        | Reached XP level 2. HP: 47/47 MP: 2/2
    12 | D        | Reached XP level 3. HP: 53/53 MP: 3/3
    12 | D        | Reached XP level 4. HP: 60/60 MP: 4/4
    12 | D        | Reached XP level 5. HP: 67/67 MP: 5/5
    12 | D        | Reached XP level 6. HP: 74/74 MP: 6/6
    12 | D        | Reached XP level 7. HP: 80/80 MP: 7/7
    12 | D        | Reached XP level 8. HP: 87/87 MP: 8/8
    12 | D        | Reached XP level 9. HP: 93/93 MP: 9/9
    12 | D        | Reached XP level 10. HP: 101/101 MP: 10/10
    12 | D        | Reached XP level 11. HP: 107/107 MP: 11/11
    12 | D        | Reached XP level 12. HP: 114/114 MP: 12/12
    12 | D        | Noticed a bag of meat
    12 | D        | Noticed a bag of meat
    13 | D        | Killed a bag of meat
    13 | D        | Reached * piety under Makhleb
    13 | D        | Reached skill level 5 in Axes
    13 | D        | Reached skill level 10 in Unarmed Combat
    13 | D        | Reached XP level 13. HP: 90/126 MP: 13/13
    13 | D        | Killed a bag of meat
    13 | D        | Reached XP level 14. HP: 97/136 MP: 14/14
    13 | D        | Noticed a meat berserker
    13 | D        | Noticed a bag of meat
    13 | D        | Noticed a bag of meat
    14 | D        | Killed a bag of meat
    14 | D        | Reached XP level 15. HP: 98/146 MP: 15/15
    14 | D        | Reached ** piety under Makhleb
    14 | D        | Reached skill level 10 in Axes
    14 | D        | Noticed a large bag of meat
    14 | D        | Noticed a meat berserker
    16 | D        | Killed a meat berserker
    16 | D        | Reached XP level 16. HP: 135/161 MP: 16/16
    18 | D        | Reached *** piety under Makhleb
    18 | D        | Reached skill level 27 in Shields
    18 | D        | Reached XP level 17. HP: 173/173 MP: 17/17
    19 | D        | Killed a meat berserker
    19 | D        | Reached skill level 27 in Fighting
    19 | D        | Reached skill level 27 in Armour
    19 | D        | Reached XP level 18. HP: 156/182 MP: 18/18
    19 | D        | Noticed a meat berserker
    20 | D        | Killed a large bag of meat
    20 | D        | Reached skill level 27 in Axes
    21 | D        | Reached **** piety under Makhleb
    21 | D        | Reached XP level 19. HP: 159/189 MP: 19/19
    21 | D        | Noticed a large bag of meat
    22 | D        | Noticed a meat berserker
    22 | D        | Noticed a meat berserker
    23 | D        | Killed a meat berserker
    23 | D        | Reached skill level 27 in Unarmed Combat
    24 | D        | Noticed a destroyer
    24 | D        | Noticed a large bag of meat
    26 | D        | Killed a meat berserker
    26 | D        | Reached skill level 10 in Dodging
    26 | D        | Reached XP level 20. HP: 197/197 MP: 19/35
    26 | D        | Reached skill level 15 in Stealth
    27 | D        | Killed a meat berserker
    27 | D        | Reached ***** piety under Makhleb
    27 | D        | Reached skill level 15 in Throwing
    27 | D        | Reached skill level 15 in Spellcasting
    27 | D        | Killed a large bag of meat
    27 | D        | Reached skill level 15 in Dodging
    27 | D        | Reached XP level 21. HP: 204/204 MP: 19/42
    28 | D        | Noticed The Servant
    28 | D        | Noticed a destroyer
    28 | D        | Noticed a meat berserker
    29 | D        | Noticed a large bag of meat
    29 | D        | Noticed a destroyer
    31 | D        | Killed a destroyer
    31 | D        | Reached XP level 22. HP: 212/212 MP: 20/45
    33 | D        | Killed a large bag of meat
    34 | D        | Reached skill level 27 in Stealth
    34 | D        | Killed a destroyer
    34 | D        | Reached skill level 27 in Invocations
    34 | D        | Reached XP level 23. HP: 219/219 MP: 20/51
    35 | D        | Reached ****** piety under Makhleb
    35 | D        | Noticed a destroyer
    36 | D        | Killed a destroyer
    36 | D        | Reached skill level 27 in Throwing
    36 | D        | Reached skill level 27 in Dodging
    36 | D        | Reached skill level 27 in Spellcasting
    36 | D        | Reached XP level 24. HP: 227/227 MP: 21/54
    40 | D        | Reached XP level 25. HP: 234/234 MP: 22/54
    43 | D        | Reached XP level 26. HP: 242/242 MP: 23/54
    44 | D        | Noticed a destroyer
    44 | D        | Noticed an accursed
    45 | D        | Noticed a destroyer
    46 | D        | Killed a destroyer
    47 | D        | Noticed an accursed
    48 | D        | Noticed a tyrant
    49 | D        | Killed an accursed
    49 | D        | Reached XP level 27. HP: 249/249 MP: 24/54
    49 | D        | Killed a destroyer
    51 | D        | Killed a destroyer
    52 | D        | Noticed a destroyer
    52 | D        | Noticed a tyrant
    53 | D        | Killed a tyrant
    55 | D        | Noticed a destroyer
    56 | D        | Noticed a large bag of meat
    56 | D        | Noticed a destroyer
    57 | D        | Killed an accursed
    58 | D        | Killed a large bag of meat
    58 | D        | Killed a destroyer
    58 | D        | Killed a tyrant
    60 | D        | Killed a destroyer
    62 | D        | Killed a large bag of meat
    69 | D        | Noticed a dread
    71 | D        | Noticed a destroyer
    72 | D        | Noticed a meat beast
    72 | D        | Noticed a dread
    72 | D        | Noticed a tyrant
    73 | D        | Killed a dread
    73 | D        | Noticed a meat beast
    73 | D        | Noticed an accursed
    74 | D        | Killed a destroyer
    74 | D        | Noticed a large bag of meat
    76 | D        | Killed a meat beast
    76 | D        | Noticed an accursed
    78 | D        | Killed a meat beast
    78 | D        | Noticed a meat beast
    89 | D        | Killed an accursed
    91 | D        | Noticed a meat beast
    91 | D        | Noticed a tyrant
    92 | D        | Noticed a meat beast
    94 | D        | Killed a large bag of meat
    94 | D        | Killed a destroyer
    96 | D        | Noticed The Defiler
   101 | D        | Noticed a meat beast
   106 | D        | Killed a tyrant
   106 | D        | Noticed a destroyer
   107 | D        | Killed a meat beast
   109 | D        | Killed The Defiler
   110 | D        | Noticed a destroyer
   110 | D        | namelastname112: @??the_defiler
   110 | D        | beem: unknown monster: "the_defiler"
   110 | D        | namelastname112: @??the defiler
   110 | D        | beem: The Defiler (@)
                  | Spd:
10 | HD:
    50 | HP: 1000 | | AC/EV: 0/8
                  | Dam: 6
                  | weapons, items, doors, fighter, vault
                  | | Res: magic(20)
                  | XP: 133858
                  | Sp: fireball (3d67) [!AM,
                  | !sil], poisonous cloud (3d27) [!AM, !sil]
                  | Sz: Medium
                  | | Int: human.
   110 | D        | Killed a meat beast
   112 | D        | Killed a tyrant
   114 | D        | Killed a destroyer
   115 | D        | Killed a destroyer
   120 | D        | Noticed a fleshlord
   120 | D        | Noticed a fleshlord
   122 | D        | Killed a fleshlord
   125 | D        | Noticed a large bag of meat
   125 | D        | Noticed a dread
   127 | D        | Killed a dread
   127 | D        | Noticed a fleshlord
   128 | D        | Noticed an accursed
   130 | D        | Killed a fleshlord
   130 | D        | Noticed a fleshlord
   130 | D        | Noticed a meat beast
   130 | D        | Noticed an accursed
   131 | D        | Noticed a meat beast
   131 | D        | Noticed a large bag of meat
   132 | D        | Killed a fleshlord
   132 | D        | Noticed an accursed
   133 | D        | Killed a meat beast
   133 | D        | Killed a large bag of meat
   133 | D        | Noticed a destroyer
   133 | D        | Noticed a destroyer
   134 | D        | Noticed a fleshlord
   134 | D        | Killed a meat beast
   134 | D        | Noticed a meat beast
   134 | D        | Noticed a destroyer
   135 | D        | Noticed a fleshlord
   135 | D        | Noticed a dread
   135 | D        | Noticed a meat beast
   136 | D        | Killed a meat beast
   136 | D        | Killed a destroyer
   136 | D        | Killed a fleshlord
   137 | D        | Noticed an accursed
   138 | D        | Killed a dread
   139 | D        | Killed a fleshlord
   140 | D        | Killed a destroyer
   141 | D        | Noticed a meat beast
   141 | D        | Killed a dread
   142 | D        | Killed a meat beast
   143 | D        | Killed a meat beast
   143 | D        | Noticed a fleshlord
   146 | D        | Killed a large bag of meat
   146 | D        | Noticed a destroyer
   147 | D        | Killed an accursed
   147 | D        | Killed a meat beast
   148 | D        | Noticed The Meatlord
   150 | D        | Killed a destroyer
   152 | D        | Noticed a destroyer
   152 | D        | Noticed a fleshlord
   153 | D        | Killed a fleshlord
   154 | D        | Noticed a tyrant
   155 | D        | Noticed a tyrant
   156 | D        | Killed a destroyer
   157 | D        | Killed from afar by a Tzitzimitl

Vault maps used:
D:        meatsprint

Skill      XL: |  1  2  3  4  5  6  7  8  9 10 11 12 13 14 15 16 17 18 19 20 21 22 23 |
---------------+----------------------------------------------------------------------+-----
Fighting       | 17 19 20 22 24 26 27 | 27.0
Axes           | 4 5 7 9 13 16 21 27 | 27.0
Armour         | 17 19 21 22 25 26 27 | 27.0
Shields        | 18 20 22 23 26 27 | 27.0
Unarmed Combat | 8 10 11 13 14 16 23 27 | 27.0
Throwing       | 11 17 19 24 27 | 27.0
Dodging        | 10 15 18 22 27 | 27.0
Stealth        | 13 21 24 27 | 27.0
Spellcasting   | 11 17 19 24 27 | 27.0
Invocations    | 12 19 22 27 | 27.0

Action                   |  1- 3 |  4- 6 |  7- 9 | 10-12 | 13-15 | 16-18 | 19-21 | 22-24 | 25-27 || total
-------------------------+-------+-------+-------+-------+-------+-------+-------+-------+-------++-------
Melee: Executioner's axe |     1 |       |       |     1 |     2 |     5 |     4 |     7 |    88 ||   108
Armor: Scale mail        |       |       |       |       |       |       |       |       |     1 ||     1
Dodge: Dodged            |       |       |       |       |       |       |       |       |    10 ||    10
Block: Shield            |       |       |       |       |     1 |       |     1 |       |     7 ||     9

Table legend:
 A = Non-vault XP
 B = Vault XP
 C = Vault XP percentage of total XP
 D = Non-vault monster count
 E = Vault monster count
 F = Vault count percentage of total count
                 A         B        C        D         E       F
            +---------+---------+-------+---------+---------+-------
      Total | 4922901 | 1334791 |  21.3 |     109 |      78 |  41.7
            +---------+---------+-------+---------+---------+-------
          D | 4922901 | 1334791 |  21.3 |     109 |      78 |  41.7
            +---------+---------+-------+---------+---------+-------
